 Dungeon Crawl Stone Soup version 0.32-a0-814-g0968bab981 (webtiles) character file.

Game seed: 559863608418754297

30235 Revguard the Prestidigitator (level 13, -10/102 HPs)
             Began as a Coglin Gladiator on Mar 22, 2024.
             Was an Elder of Wu Jian.
             Killed from afar by Roxanne (64 damage)
             ... with an iron shot
             ... on level 14 of the Dungeon.
             The game lasted 00:50:26 (14264 turns).

Revguard the Prestidigitator (Coglin Gladiator)    Turns: 14264, Time: 00:50:26

Health: -10/102    AC: 14    Str: 20    XL:     13   Next: 50%
Magic:  13/13      EV: 16    Int:  7    God:    Wu Jian [****..]
Gold:   1126       SH:  0    Dex: 19    Spells: 12/12 levels left

rFire   . . .        K - +8 long sword of Uduchier {elec, ^Fragile Fly rC++ Stlth+}
rCold   + + .        p - +0 demon blade of Causality {freeze, Will+ Str+3}
rNeg    . . .        N - +2 troll leather armour {Snorg}
rPois   .            v - +2 hat
rElec   .            H - +0 cloak
rCorr   .            A - +1 pair of gloves
SInv    .            y - +1 pair of boots
Will    +....        (amulet unavailable)
Stlth   +++++        (ring unavailable)
HPRegen 1.97/turn    (ring unavailable)
MPRegen 0.13/turn    (no gizmo)

%: no passive effects
@: flying, revved
A: off-hand wielding, slow wielding, warmup strikes, no jewellery, passive
freeze, regeneration 1
a: Invent Gizmo, Renounce Religion, Wall Jump, Serpent's Lash


You were on level 14 of the Dungeon.
You worshipped Wu Jian.
Wu Jian was greatly pleased with you.
You visited 2 branches of the dungeon, and saw 15 of its levels.
You also visited: Bailey.

You collected 1126 gold pieces.

Inventory:

Hand Weapons
 i - a +2 falchion of freezing
 j - a +2 scimitar of draining {Kiko}
 n - a +2 falchion of venom {Osbert}
 o - a +1 dagger of venom {Kun}
 p - the +0 demon blade of Causality (offhand) {freeze, Will+ Str+3}
   (You acquired it in a bailey)

   Str+3:     It affects your strength (+3).
   Will+:     It increases your willpower.
 K - the +8 long sword of Uduchier (weapon) {elec, ^Fragile Fly rC++ Stlth+}
   (You found it on level 14 of the Dungeon)

   rC++:      It greatly protects you from cold.
   Fly:       It grants you flight.
   ^Fragile:  It will be destroyed if unequipped.
   Stlth+:    It makes you more stealthy.
Missiles
 d - 4 throwing nets (quivered)
 e - 5 javelins
Armour
 a - +0 acid dragon scales
 m - a +2 leather armour of cold resistance
 v - a +2 hat (worn)
 y - a +1 pair of boots (worn)
 A - a +1 pair of gloves (worn)
 H - a +0 cloak (worn)
 N - a +2 troll leather armour (worn) {Snorg}
Wands
 x - a wand of warping (5)
 D - a wand of flame (21)
 F - a wand of charming (5)
 G - a wand of digging (2)
 J - a wand of light (2)
 M - a wand of polymorph (5)
Scrolls
 g - 2 scrolls of enchant weapon
 h - 3 scrolls of fear
 q - a scroll of amnesia
 B - 3 scrolls of teleportation
 E - 2 scrolls of noise
 I - a scroll of torment
 L - a scroll of butterflies
Potions
 b - a potion of enlightenment
 c - 2 potions of lignification
 k - 2 potions of attraction
 l - a potion of cancellation
 r - 2 potions of brilliance
 s - 4 potions of curing
 t - a potion of ambrosia
 u - 2 potions of invisibility
 w - 3 potions of might
 z - 2 potions of mutation
 C - a potion of haste
Miscellaneous
 f - a tin of tremorstones (2/2)


   Skills:
 + Level 9.7 Fighting
 + Level 10.0 Long Blades
 - Level 1.7 Throwing
 + Level 8.7 Armour
 + Level 9.2 Dodging
 + Level 8.3 Stealth
 + Level 11.8 Evocations


You had 12 spell levels left.
You didn't know any spells.
Your spell library contained the following spells:

 Spells                   Type           Power      Damage    Failure   Level
 Gell's Gravitas          Tloc           0%         N/A       85%         3
 Teleport Other           Tloc           0%         N/A       85%         3
 Passage of Golubria      Tloc           0%         N/A       99%         4
 Silence                  Hex/Air        0%         N/A       100%        5
 Dispersal                Tloc           0%         N/A       100%        6
 Lehudib's Crystal Spear  Conj/Erth      0%         10d2      100%        8


Dungeon Overview and Level Annotations

Branches:
Dungeon (14/15)            Temple (1/1) D:4            Lair (0/5) D:11
    Orc (0/2) D:11         Vaults (0/5) D:13         Bailey (visited)

Altars:
Ashenzari
Cheibriados
Dithmenos
Elyvilon
Fedhas
Gozag
Hepliaklqana
Kikubaaqudgha
Makhleb
Nemelex Xobeh
Okawaru
Qazlal
Ru
Sif Muna
Trog
Uskayaw
Vehumet
Wu Jian
Xom
Yredelemnul
Zin
The Shining One

Shops:
D:9 (   D:11 [

Annotations:
D:14 Roxanne


Innate Abilities, Weirdness & Mutations

You can wield a second weapon in your off-hand.
It takes a long time for you to wield or remove held weapons.
Your first few attacks do less damage.
You cannot equip rings or amulets.
A frigid envelope surrounds you and freezes all who hurt you.
Your natural rate of healing is unusually fast.


Message History

The bolt of magma hits you!!
You completely miss Roxanne with the +0 demon blade of Causality.
Roxanne is severely damaged.
You hit Roxanne with the +8 long sword of Uduchier.
Roxanne mumbles some strange words.
The iron shot misses you.
You hit Roxanne with the +8 long sword of Uduchier.
Roxanne is almost destroyed.
You completely miss Roxanne with the +0 demon blade of Causality.
You hit Roxanne but do no damage.
Roxanne is almost destroyed.
You hit Roxanne but do no damage.
You hit Roxanne with the +8 long sword of Uduchier.
Roxanne is almost destroyed.
You hit Roxanne but do no damage. You hit Roxanne but do no damage.
Roxanne is almost destroyed.
You slash Roxanne with the +0 demon blade of Causality!
Roxanne mumbles some strange words.
The crystal spear hits you!!!
You slash Roxanne with the +0 demon blade of Causality!
Roxanne is almost destroyed.
You hit Roxanne but do no damage. You hit Roxanne but do no damage.
Roxanne is almost destroyed.
You slash Roxanne with the +8 long sword of Uduchier!
Roxanne casts a spell.
You blink.
Aiming: Warp Space
Press: ? - help, Shift-Dir - straight line, f - Roxanne
Aim: Roxanne (almost destroyed, chance to blink: 90%) Space twists violently!
The rupture engulfs Roxanne but does no damage.
Roxanne blinks!
Roxanne is almost destroyed.
You hear a shout!
Roxanne casts a spell.
The iron shot hits you!!!
Ouch! That really hurt!
You die...

#.#.#.#.#.. .......(..#..
.#
#.#.#.#.######.###########
.# .......(........>.....#
.. #.#.#.#.######.#.######
## ..#.#.#.### #.#......#
. #.......# #.#§.##.## $.
. ###.#.#.# #.#§.##.# #.##
......#.#.# #....##.# .$.#
#.#####.#.# ###@.##.# ...#
#.#.#####[..##.# .$.#
#.#.##......##.##...# .
..#..+............$.#
....####....I####.....##
.............# ##..$..###
...#######'#?#####........
#............###.
#.#.########..#


You could see Roxanne.

Vanquished Creatures
  Kirke (D:13)
  A tengu reaver (D:13)
  An orc warlord (Bailey)
  Snorg (D:13)
  Erolcha (D:12)
  4 centaur warriors (D:13)
  4 boulder beetles
  6 two-headed ogres
  A tengu warrior (D:12)
  A deep elf pyromancer (D:12)
  An ugly thing (D:12)
  3 cyclopes
  An unseen horror (shapeshifter) (D:13)
  4 gargoyles
  An unseen horror (D:11)
  A rime drake (D:11)
  5 trolls
  A hornet (D:8)
  6 slime creatures
  A wyvern (D:10)
  11 yaks
  2 shadows
  2 wraiths
  3 hogs (D:13)
  4 vampire mosquitoes (D:10)
  Menkaure (D:6)
  A water moccasin (D:7)
  2 acid dragons
  12 orc warriors
  A sky beast (D:6)
  3 black bears
  5 ice beasts
  16 centaurs
  2 ogres (D:5)
  2 laughing skulls (D:13)
  4 wolves (D:11)
  4 phantoms
  A kobold brigand (D:7)
  A bullfrog (D:7)
  A gnoll sergeant (D:8)
  5 scorpions
  23 wights
  12 killer bees
  2 howler monkeys (D:8)
  2 vampire bats (D:6)
  3 bombardier beetles
  3 orc priests
  5 jellies
  A gnoll bouda (D:10)
  3 sleepcaps
  4 iguanas
  Natasha (thrice) (D:4)
  3 orc wizards
  14 gnolls
  10 adders
  A shadow imp (D:6)
  2 white imps (D:6)
  8 ufetubi
  A dart slug (D:2)
  2 ribbon worms (D:2)
  41 orcs
  9 bats
  2 bat skeletons (D:6)
  3 bat zombies (D:6)
  6 endoplasms
  A giant cockroach (D:1)
  21 goblins
  10 hobgoblins
  9 jackals
  10 kobolds
  2 quokkas
  8 ball pythons
  3 frilled lizards
  6 rats
361 creatures vanquished.

Vanquished Creatures (collateral kills)
  An ice beast (D:11)
1 creature vanquished.

Vanquished Creatures (others)
  A human (D:13)
  An orc warrior (Bailey)
  A centaur (D:12)
3 creatures vanquished.

Grand Total: 365 creatures vanquished

Notes
Turn   | Place    | Note
-------+----------+-------------------------------------------
     0 | D:1      | Revguard the Coglin Gladiator began the quest for the Orb.
     0 | D:1      | Reached XP level 1. HP: 16/16 MP: 1/1
   214 | D:1      | Reached XP level 2. HP: 21/22 MP: 2/2
   402 | D:1      | Reached skill level 1 in Evocations
   526 | D:1      | Reached XP level 3. HP: 27/27 MP: 3/3
   920 | D:2      | Reached skill level 1 in Armour
  1081 | D:2      | Reached skill level 1 in Stealth
  1081 | D:2      | Reached XP level 4. HP: 28/34 MP: 4/4
  1637 | D:3      | Found a hide-covered altar of Uskayaw.
  1840 | D:3      | Reached skill level 2 in Evocations
  1840 | D:3      | Reached XP level 5. HP: 34/39 MP: 5/5
  2042 | D:3      | Found a broken altar of Ashenzari.
  2443 | D:4      | Noticed Natasha
  2449 | D:4      | Killed Natasha
  2586 | D:4      | Reached XP level 6. HP: 25/47 MP: 6/6
  2805 | D:4      | Noticed Natasha
  2812 | D:4      | Killed Natasha
  2891 | D:4      | Found an opulent altar of Gozag.
  2891 | D:4      | Noticed Natasha
  2914 | D:4      | Killed Natasha
  2915 | D:4      | Reached skill level 3 in Evocations
  3109 | D:4      | Found a staircase to the Ecumenical Temple.
  3118 | Temple   | Entered the Ecumenical Temple
  3444 | D:5      | Entered Level 5 of the Dungeon
  3444 | D:5      | Noticed an ice beast
  3456 | D:5      | Killed an ice beast
  3457 | D:5      | Reached XP level 7. HP: 8/52 MP: 7/7
  3773 | D:4      | Reached skill level 4 in Evocations
  4134 | D:5      | Reached XP level 8. HP: 57/60 MP: 8/8
  4556 | D:5      | Reached skill level 5 in Long Blades
  4614 | D:5      | Reached skill level 5 in Evocations
  4778 | D:5      | Reached skill level 5 in Dodging
  4878 | D:6      | Reached XP level 9. HP: 50/67 MP: 9/9
  4897 | D:6      | Reached skill level 5 in Fighting
  5006 | D:6      | Reached skill level 6 in Evocations
  5528 | D:6      | Noticed a troll
  5544 | D:6      | Killed a troll
  5612 | D:6      | Found an ornate altar of the Wu Jian Council.
  5631 | D:6      | Became a worshipper of the Wu Jian Council
  5659 | D:6      | Noticed Menkaure
  5669 | D:6      | Killed Menkaure
  5684 | D:6      | Found an ancient bone altar of Kikubaaqudgha.
  5831 | D:7      | Found a hazy altar of Hepliaklqana.
  6024 | D:7      | Reached skill level 5 in Armour
  6024 | D:7      | Reached XP level 10. HP: 76/76 MP: 10/10
  6033 | D:7      | Reached skill level 7 in Evocations
  6296 | D:7      | Reached skill level 5 in Stealth
  6400 | D:7      | Found a shimmering blue altar of Sif Muna.
  6782 | D:8      | Reached * piety under Wu Jian
  7631 | D:8      | Found a shadowy altar of Dithmenos.
  7921 | D:9      | Found Dosucw's Antique Weapon Boutique.
  7975 | D:9      | Found a flagged portal.
  7984 | Bailey   | Entered a bailey
  8106 | Bailey   | Reached ** piety under Wu Jian
  8214 | Bailey   | Reached skill level 8 in Evocations
  8298 | Bailey   | Noticed an orc warlord
  8356 | Bailey   | Killed an orc warlord
  8357 | Bailey   | Reached XP level 11. HP: 36/84 MP: 11/11
  8498 | Bailey   | Acquired the +0 demon blade of Causality {freeze, Will+
                  | Str+3}
  8688 | D:9      | You fall into a shaft and drop 2 floors!
  8712 | D:10     | Entered Level 10 of the Dungeon
  9224 | D:10     | Reached *** piety under Wu Jian
  9365 | D:10     | Noticed a two-headed ogre
  9376 | D:10     | Killed a two-headed ogre
  9399 | D:10     | Reached skill level 9 in Evocations
 10861 | D:11     | Noticed a cyclops
 10963 | D:11     | Killed a cyclops
 11137 | D:11     | Noticed a two-headed ogre
 11376 | D:11     | Found a staircase to the Orcish Mines.
 11376 | D:11     | Found Tegisch's Armour Boutique.
 11385 | D:11     | Reached **** piety under Wu Jian
 11451 | D:11     | Noticed a boulder beetle
 11467 | D:11     | Killed a boulder beetle
 11467 | D:11     | Reached XP level 12. HP: 33/92 MP: 12/12
 11661 | D:11     | Found a staircase to the Lair.
 11763 | D:11     | Killed a two-headed ogre
 11764 | D:11     | Reached skill level 10 in Evocations
 11976 | D:11     | Noticed a two-headed ogre
 11983 | D:11     | Killed a two-headed ogre
 12462 | D:12     | Noticed a two-headed ogre
 12467 | D:12     | Killed a two-headed ogre
 12681 | D:12     | Noticed Erolcha
 12687 | D:12     | Killed Erolcha
 12752 | D:12     | Noticed a two-headed ogre
 12759 | D:12     | Killed a two-headed ogre
 13160 | D:13     | Noticed a centaur warrior
 13161 | D:13     | Noticed a tengu warrior
 13243 | D:12     | Killed a tengu warrior
 13293 | D:13     | Killed a centaur warrior
 13294 | D:13     | Reached skill level 11 in Evocations
 13332 | D:13     | Noticed a boulder beetle
 13344 | D:13     | Killed a boulder beetle
 13371 | D:13     | Noticed a two-headed ogre
 13378 | D:13     | Killed a two-headed ogre
 13379 | D:13     | Reached XP level 13. HP: 92/101 MP: 13/13
 13410 | D:13     | Identified the +5 ring mail "Timueph" {rPois rN+++ Str-5
                  | Int-5}
 13461 | D:13     | Found a gate to the Vaults.
 13461 | D:13     | Noticed a tengu reaver
 13478 | D:13     | Killed a tengu reaver
 13650 | D:13     | Noticed Kirke
 13663 | D:13     | Killed Kirke
 13799 | D:13     | Noticed Snorg
 13807 | D:13     | Killed Snorg
 13808 | D:13     | Reached skill level 10 in Long Blades
 14017 | D:13     | Gained mutation: Your natural rate of healing is unusually
                  | fast. [potion of mutation]
 14017 | D:13     | Gained mutation: A frigid envelope surrounds you and
                  | freezes all who hurt you. [potion of mutation]
 14136 | D:14     | Identified the +8 long sword of Uduchier {elec, ^Fragile
                  | Fly rC++ Stlth+}
 14150 | D:14     | Noticed Roxanne
 14264 | D:14     | Killed from afar by Roxanne

Illustrated notes

Levels and vault maps discovered:
D:1:      matt_arrival_debris, layout_loops_ring
D:2:      layout_loops_ring, kennysheep_donut
D:3:      layout_basic, eat_drink_and_be_merry_uskayaw,
          nicolae_ashenzari_skybound, minmay_misc_feat_alley,
          kennysheep_big_empty_room, grunt_ministairs_4, hellmonk_no_cap
D:4:      layout_loops_ring, mainiacjoe_overflow_concentric_impassable,
          minmay_temple_entry_poolview, uniq_natasha
D:5:      layout_cave_pools, minmay_tree_intersection, minmay_divided_ellipse
D:6:      layout_basic, mainiacjoe_overflow_cross_hatched,
          kennysheep_vampire_church, minivault_26, uniq_menkaure
D:7:      layout_rooms, nicolae_overflow_crystal_walls,
          mainiacjoe_overflow_24_doors
D:8:      layout_loops_cross, kennysheep_mini_moat, due_unseen_surprise
D:9:      kennysheep_spiral_hall, layout_gridville, enter_bailey_1,
          nicolae_take_the_stairs
D:10:     layout_basic, kennysheep_generic_room_8
D:11:     layout_gridville, hellmonk_lair_entry_icy, orc_david_3,
          grunt_ministairs_11, minmay_misc_feat_secret_circle
D:12:     layout_roguey, corexii_checkpoint, uniq_erolcha
D:13:     layout_cave_pools, hellmonk_vaults_attempted_burglary, uniq_kirke,
          uniq_snorg
D:14:     layout_basic, grunt_gozag_breadcrumbs, uniq_roxanne, uniq_lodul
Temple:   dpeg_chambers_temple

Skill      XL: |  1  2  3  4  5  6  7  8  9 10 11 12 13 |
---------------+----------------------------------------+-----
Evocations     | 1 2 3 4 5 6 8 9 11 | 11.8
Armour         | 1 2 3 5 6 7 8 |  8.7
Dodging        | 3 4 5 6 7 8 9 |  9.2
Stealth        | 1 2 3 4 5 6 7 8 |  8.3
Fighting       | 3 4 5 7 8 9 |  9.7
Long Blades    | 4 5 6 7 8 9 10 | 10.0
Throwing       | |  1.7

Action                     |  1- 3 |  4- 6 |  7- 9 | 10-12 | 13-15 || total
---------------------------+-------+-------+-------+-------+-------++-------
  Melee: Long sword        |    63 |   142 |   132 |       |    44 ||   381
         Dagger            |    55 |   128 |   238 |    48 |       ||   469
         Falchion          |       |       |   123 |   517 |    91 ||   731
         Scimitar          |       |       |       |   168 |       ||   168
         Demon blade       |       |       |       |   327 |   137 ||   464
  Throw: Throwing net      |       |       |       |     2 |       ||     2
 Invoke: Serpent's Lash    |       |       |       |     6 |     3 ||     9
Ability: Lunge             |       |       |     4 |    66 |    14 ||    84
         Whirlwind         |       |       |       |   180 |    43 ||   223
         Wall Jump         |       |       |       |     6 |       ||     6
  Evoke: Wand              |       |       |     1 |    15 |     9 ||    25
         Tin of tremorston |       |       |       |     2 |       ||     2
    Use: Scroll            |       |     6 |     9 |    21 |     1 ||    37
         Potion            |       |     2 |     3 |     8 |     1 ||    14
   Stab: Sleeping          |     1 |     2 |     6 |    16 |     2 ||    27
         Held in net/web   |       |       |       |     4 |       ||     4
         Distracted        |       |       |       |     2 |       ||     2
         Invisible         |       |       |       |       |     3 ||     3
 Armour: Leather armour    |    39 |       |   156 |   307 |       ||   502
         Ring mail         |    14 |   109 |   108 |       |       ||   231
         Skin              |       |    34 |       |       |       ||    34
         Troll leather arm |       |       |       |    54 |    93 ||   147
  Dodge: Dodged            |    60 |   103 |   296 |   378 |    60 ||   897

Table legend: (Time is in decaauts)
 A = Elapsed time spent in this place.
 B = Non-inter-level travel time spent in this place.
 C = Inter-level travel time spent in this place.
 D = Time resting spent in this place.
 E = Time spent auto-exploring this place.
 F = Levels seen in this place.
 G = Mean time per level.
                   A        B        C        D        E       F      G
               +--------+--------+--------+--------+--------+-----+--------+
         Total |  14278 |  13690 |    588 |   1609 |   8844 |  16 |  892.4 |
       Dungeon |  13609 |  13038 |    571 |   1435 |   8748 |  14 |  972.1 |
        Temple |     85 |     68 |     17 |      0 |      0 |   1 |   85.0 |
        Bailey |    583 |    583 |      0 |    174 |     96 |   1 |  583.0 |
               +--------+--------+--------+--------+--------+-----+--------+

Top non-repeatable levels by time:
    D:11: 1433 daAuts
    D:10: 1423 daAuts
     D:5: 1272 daAuts
     D:9: 1205 daAuts
     D:4: 1100 daAuts
     D:8: 1011 daAuts
     D:6: 920 daAuts
    D:12: 908 daAuts
     D:7: 902 daAuts
     D:3: 876 daAuts
     D:2: 811 daAuts
    D:13: 755 daAuts
     D:1: 755 daAuts
  Bailey: 583 daAuts
    D:14: 231 daAuts
